Map: Bel'Shir Vestige LE (Void)

Players

Loken - Winner!

  • Race: Protoss Protoss
  • League: Platinum
  • Spawn Location: 5:00

dallaskuken

  • Race: Protoss Protoss
  • League: Platinum
  • Spawn Location: 11:00

VOD

Have the link to the VOD?

Description

Time

  • Played on: April 11, 2017, 6:13 p.m.
  • Length: 16:38
Show
View Real Time Build Order
Export as new Build Order

Loken Protoss - Winner!

Build Orders:  

Get SALT Encoding   

  12  0:01  Probe (Chrono Boost)  
  13  0:12  Probe (Chrono Boost)  
  14  0:18  Pylon  
  14  0:22  Probe (Chrono Boost)  
  15  0:36  Probe (Chrono Boost)  
  15  0:38  Gateway  
  16  0:47  Probe (Chrono Boost)  
  17  0:50  Assimilator  
  17  0:54  Assimilator  
  17  0:57  Probe (Chrono Boost)  
  18  1:08  Probe (Chrono Boost)  
  18  1:09  Gateway  
  19  1:18  Probe (Chrono Boost)  
  19  1:25  Cybernetics Core  
  20  1:29  Probe (Chrono Boost)  
  20  1:30  Zealot  
  23  1:37  Pylon  
  23  1:50  Assimilator  
  23  1:55  Probe (Chrono Boost)  
  24  2:04  Warp Gate  
  24  2:07  Probe (Chrono Boost)  
  25  2:13  Pylon  
  25  2:16  Stalker  
  25  2:21  Probe (Chrono Boost)  
  28  2:24  Stalker  
  30  2:33  Probe (Chrono Boost)  
  30  3:00  Nexus  
  30  3:04  Stalker x2  
  34  3:14  Pylon  
  34  3:24  Gateway  
  32  4:08  Robotics Facility  
  32  4:10  Robotics Facility  
  32  4:12  Probe (Chrono Boost)  
  32  4:13  Probe (Chrono Boost)  
  34  4:19  Stalker  
  34  4:20  Stalker  
  34  4:23  Probe x2 (Chrono Boost)  
  40  4:33  Probe (Chrono Boost)  
  40  4:34  Probe (Chrono Boost)  
  40  4:48  Stalker x3  
  44  5:21  Probe x2 (Chrono Boost)  
  44  5:24  Immortal x2  
  52  5:32  Probe (Chrono Boost)  
  51  5:46  Stalker x3  
  55  5:52  Gateway  
  55  5:55  Pylon  
  55  6:00  Probe x2 (Chrono Boost)  
  57  6:05  Pylon  
  57  6:09  Warp Prism  
  57  6:10  Observer  
  57  6:11  Probe x2 (Chrono Boost)  
  62  6:21  Probe x2 (Chrono Boost)  
  64  6:27  Stalker x3  
  64  6:32  Robotics Bay  
  56  7:12  Stalker  
  56  7:13  Stalker x2  
  52  7:33  Immortal x2  
  56  7:38  Zealot  
  56  7:39  Zealot x2  
  54  8:04  Probe (Chrono Boost)  
  51  8:09  Gateway  
  51  8:10  Gateway  
  51  8:11  Gateway  
  51  8:14  Probe (Chrono Boost)  
  51  8:15  Gateway  
  51  8:19  Gateway, Assimilator  
  52  8:22  Assimilator  
  52  8:26  Colossus  
  58  8:29  Warp Prism  
  58  8:31  Zealot x3  
  66  8:39  Pylon  
  66  8:51  Mothership Core (Chrono Boost)  
  68  9:03  Nexus  
  67  9:11  Zealot x4  
  75  9:28  Stalker x4  
  75  9:29  Stalker  
  77  9:42  Probe x2 (Chrono Boost)  
  79  9:53  Probe (Chrono Boost)  
  79  9:54  Zealot x3  
  86  10:04  Extended Thermal Lance, Pylon  
  86  10:05  Pylon  
  86  10:17  Stalker x4  
  92  10:33  Probe x3 (Chrono Boost)  
  95  10:43  Probe (Chrono Boost), Colossus  
  95  10:44  Probe x2 (Chrono Boost)  
  104  11:01  Observer  
  105  11:07  Zealot  
  105  11:08  Zealot x5  
  117  11:36  Pylon x2  
  117  11:38  Pylon  
  117  11:40  Pylon  
  117  11:41  Pylon  
  117  11:44  Assimilator  
  117  11:45  Assimilator  
  120  11:54  Probe x3 (Chrono Boost)  
  120  11:56  Colossus x2  
  120  12:00  Zealot x3  
  120  12:01  Zealot x3  
  144  12:09  Twilight Council  
  144  12:37  Zealot x2  
  144  12:38  Zealot  
  144  12:55  Zealot  
  144  12:56  Zealot x3  
  152  13:07  Charge  
  152  13:08  Stalker  
  152  13:09  Stalker  
  148  13:21  Zealot x4  
  146  13:48  Nexus  
  146  13:57  Stalker  
  146  13:58  Stalker x4  
  156  14:06  Pylon  
  156  14:08  Pylon  
  156  14:09  Pylon  
  156  14:11  Pylon  
  112  14:32  Stalker x6  
  112  14:33  Stalker x3  
  110  14:57  Colossus x2  
  122  15:04  Zealot x3  
  114  16:17  Zealot x4  
  114  16:18  Zealot x5  
Show
View Real Time Build Order
Export as new Build Order

dallaskuken Protoss 

Build Orders:  

Get SALT Encoding   

  12  0:01  Probe (Chrono Boost)  
  13  0:11  Probe (Chrono Boost)  
  14  0:18  Pylon  
  14  0:22  Probe (Chrono Boost)  
  15  0:36  Probe (Chrono Boost)  
  15  0:41  Gateway  
  16  0:47  Probe (Chrono Boost)  
  17  0:57  Probe (Chrono Boost)  
  17  1:00  Assimilator  
  18  1:11  Gateway  
  18  1:13  Pylon  
  18  1:15  Probe (Chrono Boost)  
  19  1:21  Assimilator  
  19  1:29  Probe (Chrono Boost)  
  20  1:37  Cybernetics Core  
  21  1:40  Probe (Chrono Boost)  
  21  1:48  Zealot  
  21  1:50  Probe (Chrono Boost)  
  24  2:01  Probe (Chrono Boost)  
  25  2:02  Zealot  
  25  2:03  Warp Gate  
  27  2:12  Probe (Chrono Boost)  
  27  2:15  Stalker  
  30  2:26  Pylon  
  30  2:40  Pylon  
  30  2:44  Stalker  
  32  3:04  Nexus  
  32  3:08  Probe (Chrono Boost)  
  33  3:17  Stalker  
  36  3:20  Probe (Chrono Boost)  
  36  3:22  Stalker  
  38  3:32  Probe (Chrono Boost)  
  37  3:44  Probe (Chrono Boost)  
  37  3:56  Probe (Chrono Boost)  
  37  3:58  Gateway  
  37  3:59  Gateway  
  35  4:09  Probe (Chrono Boost)  
  36  4:12  Stalker  
  36  4:13  Stalker  
  40  4:18  Probe (Chrono Boost)  
  41  4:29  Probe (Chrono Boost)  
  41  4:31  Robotics Facility  
  43  4:32  Probe (Chrono Boost)  
  43  4:39  Probe (Chrono Boost)  
  42  4:50  Probe (Chrono Boost)  
  43  4:57  Forge  
  43  5:00  Probe (Chrono Boost)  
  43  5:01  Pylon  
  42  5:07  Stalker x2  
  42  5:08  Stalker  
  42  5:22  Stalker  
  44  5:32  Stalker x3  
  50  5:48  Probe (Chrono Boost)  
  49  5:52  Immortal  
  49  5:56  Pylon  
  53  5:59  Probe (Chrono Boost)  
  54  6:06  Stalker x3  
  60  6:16  Sentry  
  60  6:17  Pylon  
  63  6:26  Probe (Chrono Boost)  
  63  6:27  Twilight Council  
  63  6:29  Assimilator  
  63  6:31  Assimilator  
  63  6:34  Pylon  
  63  6:36  Probe (Chrono Boost)  
  63  6:39  Stalker x2  
  68  6:46  Immortal  
  60  7:03  Stalker  
  60  7:04  Stalker  
  60  7:05  Stalker  
  54  7:22  Stalker  
  38  7:44  Stalker x2  
  38  7:45  Stalker  
  44  8:04  Stalker  
  44  8:07  Probe (Chrono Boost)  
  44  8:11  Stalker x3  
  51  8:15  Blink  
  51  8:18  Probe (Chrono Boost)  
  52  8:28  Probe (Chrono Boost)  
  53  8:35  Protoss Ground Weapons Level 1  
  53  8:38  Observer  
  53  8:39  Probe (Chrono Boost)  
  53  8:40  Nexus  
  53  8:41  Stalker  
  57  8:42  Sentry  
  57  8:43  Pylon  
  59  8:51  Probe (Chrono Boost)  
  60  8:56  Sentry  
  62  9:09  Stalker x2  
  63  9:43  Probe (Chrono Boost)  
  64  9:48  Stalker x4  
  72  9:54  Immortal  
  72  9:55  Probe (Chrono Boost)  
  78  10:07  Probe (Chrono Boost)  
  78  10:09  Assimilator  
  78  10:11  Assimilator  
  78  10:23  Probe (Chrono Boost)  
  79  10:29  Stalker x4  
  79  10:34  Probe (Chrono Boost)  
  88  10:44  Probe (Chrono Boost)  
  88  10:45  Immortal  
  93  10:55  Probe (Chrono Boost)  
  94  11:01  Stalker x4  
  102  11:05  Probe (Chrono Boost)  
  102  11:10  Gateway  
  103  11:11  Gateway  
  103  11:14  Gateway  
  103  11:16  Gateway, Pylon, Probe (Chrono Boost)  
  103  11:17  Pylon  
  104  11:40  Stalker  
  104  11:41  Stalker x3  
  112  11:58  Photon Cannon  
  112  12:02  Pylon  
  112  12:05  Protoss Ground Weapons Level 2  
  112  12:12  Stalker x4  
  120  12:26  Sentry x2  
  120  12:27  Sentry  
  126  12:34  Photon Cannon  
  125  12:38  Observer  
  124  13:09  Colossus  
  124  13:11  Colossus  
  124  13:12  Colossus  
  123  13:21  Stalker x2  
  123  13:22  Stalker  
  123  13:23  Stalker x3  
  135  13:46  Stalker x3  
  141  13:53  Pylon  
  141  13:56  Pylon  
  141  14:11  Probe (Chrono Boost)  
  141  14:14  Stalker  
  141  14:15  Stalker x2  
  141  14:16  Stalker x4  
  156  14:21  Probe (Chrono Boost)  
  98  14:32  Probe (Chrono Boost)  
  63  14:51  Stalker x3  
  63  14:52  Stalker x5  
  73  15:06  Probe (Chrono Boost)  
  74  15:20  Nexus  
  70  15:21  Stalker x2  
  62  15:41  Stalker x2  
  62  15:42  Stalker  
  49  15:56  Stalker  
  40  15:57  Stalker  
  42  16:10  Pylon  
  38  16:11  Pylon  
Tags
 
Add a new tag
Caveats
  • Supply blocks, unpowered buildings, or Contaminate may cause inaccurate times.
  • Supply counts are checked every 10 seconds.